 Dungeon Crawl Stone Soup version 0.24.0-37-gcf1ca852f1 (webtiles) character file.

Game seed: 16140891832074650443, levelgen mode: deterministic

6575 Delamore the Severer (level 11, -5/86 HPs)
             Began as a Hill Orc Fighter on Dec 4, 2019.
             Was a High Priest of Okawaru.
             Slain by a death yak (20 damage)
             ... on level 8 of the Dungeon.
             The game lasted 00:12:41 (9438 turns).

Delamore the Severer (Hill Orc Fighter)             Turns: 9438, Time: 00:12:42

Health: -5/86      AC: 15    Str: 21    XL:     11   Next: 1%
Magic:  11/11      EV:  3    Int:  8    God:    Okawaru [*****.]
Gold:   322        SH:  9    Dex: 12    Spells: 10/10 levels left

rFire    . . .     SeeInvis .   a - +0 war axe
rCold    . . .     Gourm    .   c - +0 shield
rNeg     . . .     Faith    .   s - +0 plate armour
rPois    .         Spirit   .   j - +0 helmet
rElec    .         Reflect  .   x - +2 cloak
rCorr    .         Harm     .   (no gloves)
MR       .....                  (no boots)
Stlth    ..........             (no amulet)
HPRegen  0.24/turn              t - ring of flight
MPRegen  0.12/turn              (no ring)

@: no status effects
A: no striking features
a: Heroism, Finesse, Renounce Religion, Evoke Flight


You were on level 8 of the Dungeon.
You worshipped Okawaru.
Okawaru was extremely pleased with you.
You were not hungry.

You visited 1 branch of the dungeon, and saw 8 of its levels.
You also visited: Ossuary.

You collected 322 gold pieces.

Inventory:

Hand Weapons
 a - a +0 war axe (weapon)
 d - a +0 battleaxe
Missiles
 z - 5 throwing nets (quivered)
 E - 14 javelins
Armour
 b - a +0 scale mail
 c - a +0 shield (worn)
 j - a +0 helmet (worn)
 s - a +0 plate armour (worn)
 x - a +2 cloak (worn)
 M - the +2 buckler "Limmog" {MR- MP+9 Int+4}
   (Okawaru gifted it to you on level 8 of the Dungeon)

   It affects your intelligence (+4).
   It affects your resistance to hostile enchantments.
   It affects your magic capacity (+9).
Jewellery
 p - an uncursed ring of fire
 t - a ring of flight (left hand)
Wands
 r - a wand of acid (6)
 y - a wand of polymorph (6)
 F - a wand of enslavement (4)
Scrolls
 h - 5 scrolls of identify
 i - a scroll of enchant armour
 k - 8 scrolls of teleportation
 n - 3 scrolls of blinking
 q - 8 scrolls of remove curse
 u - a scroll of brand weapon
 v - a scroll of immolation
 A - a scroll of fear
 B - 2 scrolls of amnesia
 C - a scroll of magic mapping
 D - 6 scrolls of fog
 H - a scroll of enchant weapon
 I - a scroll of acquirement
 K - a scroll of noise
Potions
 e - 2 potions of brilliance
 g - a potion of agility
 l - 5 potions of flight {unknown}
 m - 6 potions of curing
 o - a potion of invisibility {unknown}
 w - 4 potions of degeneration {unknown}
 G - a potion of might
 J - a potion of ambrosia {unknown}
 L - a potion of heal wounds
Comestibles
 f - 14 rations
 N - a chunk of flesh


   Skills:
 * Level 5.0 Fighting
 - Level 19.1 Axes
 - Level 3.2 Armour
 - Level 3.2 Shields


You had 10 spell levels left.
You didn't know any spells.
Your spell library contained the following spells:

 Spells                   Type           Power        Failure   Level  Hunger
 Flame Tongue             Conj/Fire      #....        100%        1    ##.....
 Throw Flame              Conj/Fire      #.....       100%        2    ###....
 Conjure Flame            Conj/Fire      #.......     100%        3    ####...
 Inner Flame              Hex/Fire       #.......     100%        3    ####...
 Sticky Flame             Conj/Fire      #.......     100%        4    #####..
 Fireball                 Conj/Fire      #.........   100%        5    ######.


Dungeon Overview and Level Annotations

Branches:
Dungeon (8/15)             Temple (0/1) D:7            Lair (0/6) D:8
Ossuary (visited)

Altars:
Ashenzari
Cheibriados
Gozag
Okawaru
Qazlal
Ru
Sif Muna
Uskayaw
Vehumet
The Shining One

Shops:
D:4 (:   D:7 %


Message History

Aiming: Enslavement
Press: ? - help, Shift-Dir - straight line, f - elephant
Aim: an elephant (almost dead, chance to defeat MR: 15%)
Okay, then.
That item cannot be evoked!
Unknown command.
Evoke which item? (* to show all) (? for menu, Esc to quit)
Okay, then.
You slash the elephant!
You kill the elephant!
Okawaru is honoured by your kill.
Your life force feels restored.
Your Fighting skill gained 2 levels and is now at level 5!
You have reached level 11!
You barely miss the death yak. The death yak gores you!!
* * * LOW HITPOINT WARNING * * *
You slash the death yak!
The death yak is moderately wounded.
The death yak gores you!!
You die...

..)............# ##..#
...............# #..#
,,,,,,........#* #÷.#
,,,,,,........# #..##
,,,,,,........## #...#
,,,,,,,,,,#....### #...#
,,,,,,,,**###....###...#
,,,,,,*** ##.†Y.##...#
,,,,,** ###@......#
,,*,,* ###.....# ,*<,,*
##....# **,,,* ###..#*
****,* ##..# ,,**,*
*#.#* ,,,*,* *..#*
..,,,* **..** ..,,,*
**,,*


You could see a death yak.

Vanquished Creatures
  Harold (D:7)
  Pikel (D:5)
  An elephant (D:8)
  Grinder (D:4)
  A hippogriff (D:8)
  Eustachio (D:6)
  Edmund (D:6)
  Menkaure (D:4)
  A water moccasin (D:7)
  4 slaves
  4 orc warriors
  A phantom (D:5)
  2 ice beasts
  4 ogres
  6 centaurs
  A crocodile (D:8)
  2 big kobolds
  4 bullfrogs
  Blork the orc (D:6)
  2 gnoll sergeants (D:6)
  12 scorpions
  6 wights
  2 howler monkeys
  A quasit (D:6)
  A jelly (D:6)
  Crazy Yiuf (D:3)
  5 centaur zombies
  5 orc priests
  3 gnoll shamans (D:7)
  2 orc wizards (D:7)
  Jessica (D:3)
  2 bullfrog skeletons
  3 worker ants
  2 big kobold zombies (Ossuary)
  A hound zombie (D:5)
  2 hound skeletons
  3 mummies (Ossuary)
  A howler monkey skeleton (D:7)
  8 gnolls (D:7)
  A worker ant zombie (D:5)
  4 scorpion zombies (Ossuary)
  9 adders
  4 worms
  3 dart slugs
  8 leopard geckos
  25 orcs
  A ball python (D:3)
  4 giant cockroaches
  2 gnoll zombies (Ossuary)
  4 hobgoblins
  10 jackals
  6 kobolds
  3 quokkas
  2 ball python skeletons (D:4)
  6 bats
  3 frilled lizards (D:2)
  10 goblins
  2 goblin zombies (Ossuary)
  3 hobgoblin zombies (Ossuary)
  2 kobold zombies (Ossuary)
  A leopard gecko zombie (D:5)
  2 orc zombies (Ossuary)
  7 rats
223 creatures vanquished.

Notes
Turn   | Place    | Note
-------+----------+-------------------------------------------
     0 | D:1      | Delamore the Hill Orc Fighter began the quest for the Orb.
     0 | D:1      | Reached XP level 1. HP: 19/19 MP: 1/1
   106 | D:1      | Reached skill level 3 in Axes
   308 | D:1      | Reached XP level 2. HP: 24/26 MP: 2/2
   502 | D:2      | Reached skill level 4 in Axes
   509 | D:2      | Reached XP level 3. HP: 26/31 MP: 3/3
   811 | D:2      | Reached skill level 5 in Axes
   890 | D:2      | Reached XP level 4. HP: 36/39 MP: 4/4
   953 | D:2      | Found a sacrificial altar of Ru.
   954 | D:2      | Found an iron altar of Okawaru.
   973 | D:2      | Found a hide-covered altar of Uskayaw.
   981 | D:2      | Became a worshipper of Warmaster Okawaru
  1077 | D:3      | Reached skill level 6 in Axes
  1582 | D:3      | Reached XP level 5. HP: 38/45 MP: 5/5
  1611 | D:3      | Noticed Jessica
  1618 | D:3      | Killed Jessica
  1618 | D:3      | Reached skill level 7 in Axes
  1706 | D:3      | Found a runed translucent door.
  1707 | D:3      | Noticed Crazy Yiuf
  1767 | D:3      | Killed Crazy Yiuf
  1941 | D:4      | Noticed Menkaure
  1945 | D:4      | Killed Menkaure
  1945 | D:4      | Reached * piety under Okawaru
  1945 | D:4      | Reached skill level 8 in Axes
  1945 | D:4      | Reached XP level 6. HP: 30/51 MP: 6/6
  2073 | D:4      | Found Ugukix's Antique Weapon Emporium.
  2109 | D:4      | Reached skill level 9 in Axes
  2143 | D:4      | Found Zoh Ical's Book Boutique.
  2297 | D:4      | Noticed Grinder
  2302 | D:4      | Reached XP level 7. HP: 57/57 MP: 7/7
  2331 | D:4      | Killed Grinder
  2331 | D:4      | Reached skill level 10 in Axes
  2695 | D:4      | Reached skill level 11 in Axes
  2722 | D:4      | Found a radiant altar of Vehumet.
  2800 | D:5      | Entered Level 5 of the Dungeon
  2847 | D:5      | Reached ** piety under Okawaru
  2847 | D:5      | Reached XP level 8. HP: 57/64 MP: 8/8
  2959 | D:5      | HP: 4/96 [orc priest/+0 trident (5)]
  2960 | D:5      | Reached skill level 12 in Axes
  4010 | D:6      | Noticed Edmund
  4357 | D:6      | Killed Edmund
  4357 | D:6      | Reached skill level 13 in Axes
  4365 | D:6      | Noticed Pikel
  4519 | D:5      | Killed Pikel
  4519 | D:5      | Reached *** piety under Okawaru
  4519 | D:5      | Reached skill level 14 in Axes
  4519 | D:5      | Reached XP level 9. HP: 31/70 MP: 9/9
  4694 | D:6      | Noticed Blork the orc
  4704 | D:6      | Killed Blork the orc
  5181 | D:6      | Found a stormy altar of Qazlal.
  5182 | D:6      | Found a glowing golden altar of the Shining One.
  5182 | D:6      | Found a shimmering blue altar of Sif Muna.
  5182 | D:6      | Found a shattered altar of Ashenzari.
  5343 | D:6      | Reached skill level 15 in Axes
  5563 | D:6      | Noticed Eustachio
  5592 | D:6      | Killed Eustachio
  5669 | D:6      | Reached **** piety under Okawaru
  6040 | D:7      | Found a staircase to the Ecumenical Temple.
  6053 | D:7      | Reached skill level 16 in Axes
  6335 | D:7      | Found Nicoror's Food Shop.
  6640 | D:7      | Found a snail-covered altar of Cheibriados.
  6744 | D:7      | Noticed Harold
  6787 | D:7      | Killed Harold
  6787 | D:7      | Reached ***** piety under Okawaru
  6787 | D:7      | Reached skill level 17 in Axes
  6787 | D:7      | Reached XP level 10. HP: 13/77 MP: 10/10
  7096 | D:7      | Found an opulent altar of Gozag.
  7884 | D:7      | Reached skill level 18 in Axes
  8170 | D:8      | Found a staircase to the Lair.
  8170 | D:8      | Noticed an elephant
  8170 | D:8      | Noticed a death yak
  8325 | D:8      | Found a sand-covered staircase.
  8330 | Ossuary  | Entered an ossuary
  8945 | Ossuary  | Identified a scroll of acquirement
  9347 | D:8      | Reached skill level 19 in Axes
  9355 | D:8      | Received a gift from Okawaru
  9366 | D:8      | Got a warped buckler {god gift}
  9377 | D:8      | Identified the +2 buckler "Limmog" {MR- MP+9 Int+4}
                  | (Okawaru gifted it to you on level 8 of the Dungeon)
  9437 | D:8      | Killed an elephant
  9437 | D:8      | Reached skill level 5 in Fighting
  9437 | D:8      | Reached XP level 11. HP: 33/86 MP: 11/11
  9438 | D:8      | Slain by a death yak

Levels and vault maps discovered:
D:1:      dpeg_arrival_round_c, layout_basic, due_unseen_surprise
D:2:      layout_rooms, gammafunk_temple_overflow_forgotten, first_ration
D:3:      layout_rooms, uniq_crazy_yiuf_cottage, uniq_jessica
D:4:      layout_loops_ring, lemuel_doored_altar, serial_shops, shop,
          nicolae_shop_waterfront, uniq_menkaure, uniq_grinder
D:5:      layout_loops_ring, grunt_tough_drop
D:6:      layout_loops_ring, chequers_temple_overflow_statue_of_worship,
          sword_in_stone, uniq_edmund, uniq_blork_the_orc, uniq_pikel
D:7:      kennysheep_seaside_town, layout_loops_ring, marbit_many_paths,
          minmay_temple_entry_sparse_star, serial_shops, shop, grunt_ogre_cave,
          grunt_gozag_breadcrumbs, uniq_harold
D:8:      layout_cave_pods, david_lair_generic, enter_ossuary_2

Skill      XL: |  1  2  3  4  5  6  7  8  9 10 |
---------------+-------------------------------+-----
Axes           | 3 4 5 6 8 9 11 14 17 19 | 19.1
Fighting       | 5 |  5.0
Armour         | |  3.2
Shields        | |  3.2

Action                   |  1- 3 |  4- 6 |  7- 9 | 10-12 || total
-------------------------+-------+-------+-------+-------++-------
Melee: War axe           |    80 |   119 |   429 |   294 ||   922
Invok: Heroism           |       |       |     1 |       ||     1
 Abil: Evoke Flight      |       |       |       |     1 ||     1
Evoke: Wand              |       |       |     2 |     1 ||     3
  Use: Potion            |       |       |     7 |       ||     7
       Scroll            |       |       |       |    14 ||    14
  Eat: Chunk             |       |     5 |    14 |     2 ||    21
       Ration            |       |       |       |     2 ||     2
Armor: Scale mail        |    32 |    51 |    89 |       ||   172
       Skin              |       |       |     3 |       ||     3
       Plate armour      |       |       |    92 |   139 ||   231
Dodge: Dodged            |    34 |    40 |    78 |    22 ||   174
Block: Shield            |    41 |    62 |   169 |   109 ||   381
